AoeStats
← weiln

Arabia

506827886Analyzed
1v1 RM · 17d ago on Sep 15, 2026· 40m 4s· 2 players
Game mode
Random Map
Map size
Tiny (2 player)
Population
200
Speed
Normal
Resources
Standard
Victory
Conquest
Starting age
Dark Age
Ending age
Imperial Age
RankedLock teamsTeams togetherTeam positionsShared explorationLock speedFull tech treeHidden civsTurbo modeCheats
Victory
Defeat
🇨🇳 Burgundians · China
1151
+17
🇦🇺 Franks · Australia
1166
-17
weiln
7:33 Loom
10:18 Feudal Age
8:53 Double-Bit Axe
9:45 Horse Collar
16:55 Bow Saw
21:11 Castle Age
20:40 Scale Mail Armor
20:45 Heavy Plow
21:58 Forging
22:52 Wheelbarrow
22:36 Chain Mail Armor
24:12 Squires
23:58 Arson
24:13 Gold Mining
24:13 Stone Mining
25:41 Fervor
27:32 Hand Cart
29:34 Two-Man Saw
29:40 Town Watch
30:49 Iron Casting
33:25 Imperial Age
33:00 Fletching
33:56 Crop Rotation
34:12 Burgundian Vineyards
34:28 Conscription
35:38 Plate Mail Armor
36:09 Blast Furnace
36:29 Treadmill Crane
37:51 Chemistry
36:33 Treadmill Crane
38:37 Bodkin Arrow
38:42 Padded Archer Armor
38:55 Capped Ram
Muksterino
4:21 Loom
6:52 Loom
9:11 Feudal Age
12:37 Double-Bit Axe
21:12 Castle Age
20:02 Gold Mining
20:24 Scale Barding Armor
20:33 Forging
22:06 Husbandry
22:28 Chain Barding Armor
23:56 Iron Casting
24:46 Padded Archer Armor
25:54 Gold Shaft Mining
25:28 Elite Skirmisher
26:32 Stone Mining
30:43 Wheelbarrow
35:17 Imperial Age
32:39 Town Watch
33:59 Hand Cart
33:48 Light Cavalry
34:21 Fletching
34:47 Leather Archer Armor
35:18 Bow Saw
35:15 Town Patrol
36:07 #83
36:22 Conscription
35:25 Cavalier
36:57 Hoardings
38:30 Ballistics
39:13 Chemistry
38:11 Bodkin Arrow
38:37 Paladin
39:31 Murder Holes
Connection lost

Rejoining the realm…

Still unreachable

The connection could not be restored.

Session expired

The server has moved on; the page needs a fresh start.